 Dungeon Crawl Stone Soup version 0.31-a0-339-gda1cbd555d (webtiles) character file.

Game seed: 1048135168556175253

471 lunkers the Martial Artist (level 7, -4/52 HPs)
             Began as a Meteoran Shapeshifter on July 21, 2023.
             Slain by a gnoll
             ... wielding a +0 halberd
              (5 damage)
             ... on level 4 of the Dungeon.
             The game lasted 00:02:48 (1108 turns).

lunkers the Martial Artist (Meteoran Shapeshifter)  Turns: 1108, Time: 00:02:49

Health: -4/52      AC: 10    Str: 17    XL:     7   Next: 57%
Magic:  8/8        EV: 11    Int:  9    God:
Gold:   179        SH:  0    Dex: 17    Spells: 6/6 levels left

rFire   . .          .
                       - Unarmed
rCold   . . .        (no shield)
rNeg    . . .        e - +1 ring mail
rPois   .            (helmet currently unavailable)
rElec   .            (cloak currently unavailable)
rCorr   .            (gloves currently unavailable)
SInv    .            (boots currently unavailable)
Will    .....        (no amulet)
Stlth   +            h - +4 ring of protection
HPRegen 0.28/turn    (no ring)
MPRegen 0.11/turn

%: no passive effects
@: beast-form, glowing
A: beast (slay +2), sense surroundings 1, otherworldly, glowing, explore regen
a: Begin Untransformation


You were on level 4 of the Dungeon.
You were a hulking beast.
You visited 1 branch of the dungeon, and saw 4 of its levels.

You collected 179 gold pieces.

Inventory:

Armour
 a - a +0 animal skin
 e - a +1 ring mail (worn)
Jewellery
 h - a +4 ring of protection (left hand)
 i - a +6 ring of intelligence
Talismans
 c - a beast talisman
Wands
 f - a wand of iceblast (9)
Scrolls
 g - 2 scrolls of identify
 j - a scroll of enchant weapon
Potions
 b - a potion of lignification
 d - a potion of mutation {unknown}
 k - a potion of brilliance {unknown}


   Skills:
 - Level 1.1 Fighting
 - Level 2.4 Dodging
 * Level 9.4 Unarmed Combat
 - Level 3.6 Shapeshifting


You had 6 spell levels left.
You didn't know any spells.
Your spell library contained the following spells:

 Spells                   Type           Power      Damage    Failure   Level
 Sandblast                Erth           0%         2d4       58%         1
 Passwall                 Tmut/Erth      0%         N/A       75%         2
 Wereblood                Tmut           0%         N/A       75%         2
 Stone Arrow              Conj/Erth      0%         3d7       92%         3
 Irradiate                Conj/Tmut      0%         3d11      100%        5


Dungeon Overview and Level Annotations

Branches:
Dungeon (4/15) Zot: 1313
 Temple: D:4-7

Altars:
Hepliaklqana


Innate Abilities, Weirdness & Mutations

You are a hulking beast.
Your limbs bulge with bestial killing power. (Slay +2)
You passively map a small area around you.
You are easily found by Zot.
You glow in the dark.
You regain HP and MP as you explore.


Message History

The hound bites you but does no damage. The gnoll hits you but does no damage.
Unknown command.
You barely miss the gnoll.
The gnoll is almost dead.
The hound closely misses you. The gnoll misses you.
The gnoll hits you with a +0 halberd.
* * * LOW HITPOINT WARNING * * *
The gnoll hits you from afar with a +0 halberd!
* * * LOW HITPOINT WARNING * * *
Unknown command.
Unknown command.
As you read the scroll labelled ULIZOL ETSIRI, it crumbles to dust.
It is a scroll of identify.
j - a scroll of enchant weapon The hound bites you but does no damage.
The gnoll barely misses you. The gnoll closely misses you.
The hound bites you but does no damage.
The gnoll hits you from afar with a +0 halberd.
* * * LOW HITPOINT WARNING * * *
Unknown command.
Okay, then.
The hound attacks as you move away! The hound bites you but does no damage.
The gnoll closely misses you.
Aiming: Iceblast
Press: ? - help, Shift-Dir - straight line
Okay, then.
The gnoll attacks as you move away! The gnoll closely misses you.
The hound bites you but does no damage. The gnoll closely misses you. x2
The hound closely misses you. The gnoll barely misses you. The hound bites you.
* * * LOW HITPOINT WARNING * * *
The hound attacks as you move away! The hound barely misses you.
There is a stone staircase leading down here.
The hound bites you but does no damage.
There is a stone staircase leading up here.
The hound bites you but does no damage. The gnoll barely misses you.
The gnoll hits you but does no damage.
The gnoll hits you from afar with a +0 halberd!
* * * LOW HITPOINT WARNING * * *
The gnoll hits you from afar with a +0 halberd.
You die...

#....†...# , .. ,
#........# , ,
#........# , *
#........#* , ,
#.......>#* , * ,
#######.##### ,,
#........####### , *
#.....#........# ,
#......#...h....#
,...######.gh.....#
..########.ggg....#
.............g....+,
, .####...........#
,, * * #...........#
#....######## , , ,
,,#....# , ,,
*#....# *


You could see a hound and 5 gnolls.

Vanquished Creatures
  Grinder (D:3)
  A scorpion (D:4)
  A hound (D:4)
  An orc priest (D:3)
  3 orc wizards
  3 gnolls (D:4)
  An adder (D:2)
  A worm (D:2)
  2 dart slugs (D:4)
  7 orcs
  5 endoplasms
  3 goblins
  6 hobgoblins
  2 jackals (D:4)
  4 quokkas
  4 ball pythons
  3 bats
  4 kobolds
  3 rats
55 creatures vanquished.

Notes
Turn   | Place    | Note
-------+----------+-------------------------------------------
     0 | D:1      | lunkers the Meteoran Shapeshifter began the quest for the
                  | Orb.
     0 | D:1      | Reached XP level 1. HP: 16/16 MP: 2/2
    18 | D:1      | Reached skill level 4 in Unarmed Combat
    25 | D:1      | Reached XP level 2. HP: 23/23 MP: 3/3
   297 | D:2      | Reached XP level 3. HP: 15/28 MP: 4/4
   359 | D:2      | Reached skill level 5 in Unarmed Combat
   603 | D:3      | Noticed Grinder
   614 | D:3      | Reached XP level 4. HP: 35/35 MP: 5/5
   618 | D:3      | Killed Grinder
   619 | D:3      | Reached skill level 8 in Unarmed Combat
   619 | D:3      | Reached XP level 5. HP: 40/40 MP: 6/6
   619 | D:3      | Reached XP level 6. HP: 47/47 MP: 7/7
   726 | D:3      | Reached XP level 7. HP: 36/52 MP: 8/8
   752 | D:3      | You fall into a shaft and drop 1 floor!
   826 | D:4      | Reached skill level 9 in Unarmed Combat
   862 | D:4      | Found a hazy altar of Hepliaklqana.
  1108 | D:4      | HP: 1/52 [gnoll/+0 halberd (8)]
  1108 | D:4      | Slain by a gnoll

Illustrated notes

Levels and vault maps discovered:
D:1:      ebering_trefoil_3fold, layout_basic
D:2:      layout_rooms, minmay_pentomino_o2
D:3:      layout_rooms, uniq_grinder, uniq_robin, uniq_terence
D:4:      layout_basic, overflow_temple_1_default, dreamdust_gnoll_farm

Skill      XL: |  1  2  3  4  5  6  7 |
---------------+----------------------+-----
Unarmed Combat | 4 5 8 9 |  9.4
Fighting       | |  1.1
Dodging        | |  2.4
Shapeshifting  | |  3.6

Action                     |  1- 3 |  4- 6 |  7- 9 || total
---------------------------+-------+-------+-------++-------
  Melee: Unarmed           |    59 |    28 |    69 ||   156
         Punch             |     2 |     2 |     2 ||     6
    Use: Scroll            |     2 |       |     1 ||     3
         Potion            |     1 |       |       ||     1
 Armour: Animal skin       |     2 |       |       ||     2
         Ring mail         |    14 |     7 |    44 ||    65
         Skin              |       |    28 |       ||    28
  Dodge: Dodged            |    30 |     8 |    43 ||    81

Table legend: (Time is in decaauts)
 A = Elapsed time spent in this place.
 B = Non-inter-level travel time spent in this place.
 C = Inter-level travel time spent in this place.
 D = Time resting spent in this place.
 E = Time spent auto-exploring this place.
 F = Levels seen in this place.
 G = Mean time per level.
                   A        B        C        D        E       F      G
               +--------+--------+--------+--------+--------+-----+--------+
         Total |   1085 |   1025 |     60 |      0 |    587 |   4 |  271.2 |
       Dungeon |   1085 |   1025 |     60 |      0 |    587 |   4 |  271.2 |
               +--------+--------+--------+--------+--------+-----+--------+

Top non-repeatable levels by time:
     D:2: 383 daAuts
     D:4: 344 daAuts
     D:1: 213 daAuts
     D:3: 143 daAuts
